 Dungeon Crawl Stone Soup version 0.13.1-17-g0f9d4ff (webtiles) character file.

192 Lilouch the Skirmisher (level 4, 0/34 HPs)
             Began as a Mummy Chaos Knight on Dec 13, 2013.
             Was a Plaything of Xom.
             Killed by divine providence
             ... invoked by an orc priest
              (13 damage)
             ... on Level 3 of the Dungeon.
             The game lasted 00:06:48 (2218 turns).

Lilouch the Skirmisher (Mummy Chaos Knight)         Turns: 2218, Time: 00:06:48

HP   0/34        AC 10     Str 16      XL: 4   Next: 50%
MP   4/4         EV  6     Int 11      God: Xom
Gold 90          SH 23     Dex 11      Spells:  0 memorised,  3 levels left

Res.Fire  : x . .   See Invis. : .   a - +0 spear (chaos) {=f}
Res.Cold  : + . .   Warding    : .   b - +2 leather armour
Life Prot.: + + +   Conserve   : .   q - +0 large shield
Res.Poison: +       Res.Corr.  : .   (no helmet)
Res.Elec. : .       Clarity    : .   g - +0 cloak
Sust.Abil.: . .     Spirit.Shd : .   r - +0 pair of elf gauntlets
Res.Mut.  : .       Stasis     : .   f - +2 pair of boots
Res.Rott. : +       Flight     : .   (no amulet)
Saprovore : . . .                    (no ring)
                                     s - cursed ring of hunger {unknown}

@: slightly resistant to hostile enchantments, very unstealthy
A: no food or potions, fire vulnerability, restore body, cold resistance 1, life
protection 3, poison resistance, torment resistance, unbreathing
a: Renounce Religion


You were on level 3 of the Dungeon.
You worshipped Xom.
You were a toy of Xom.
You were not hungry.

You visited 1 branch of the dungeon, and saw 4 of its levels.

You collected 70 gold pieces.

Inventory:

Hand weapons
 a - a +0,+0 spear of chaos (weapon) {=f}
Missiles
 i - 6 darts of frost (quivered)
 j - 26 poisoned needles
Armour
 b - a +2 leather armour (worn)
 f - a +2 pair of boots (worn)
 g - a +0 cloak (worn)
 q - a +0 large shield (worn)
 r - a +0 pair of elven gauntlets (worn)
Magical devices
 o - a wand of invisibility (0)
Scrolls
 c - a scroll of enchant weapon I {unknown}
 d - 2 scrolls of remove curse {unknown}
 e - a scroll of fear {unknown}
 h - 3 scrolls of identify {unknown}
 k - a scroll of amnesia {unknown}
 l - 2 scrolls of magic mapping {unknown}
 m - a scroll of noise {unknown}
 n - 2 scrolls of teleportation {unknown}
 p - a scroll of enchant weapon II {unknown}
Jewellery
 s - a cursed ring of hunger (left hand) {unknown}


   Skills:
 + Level 3.9 Fighting
 + Level 3.0 Polearms
 - Level 2.2 Armour
 - Level 0.7 Dodging
 * Level 1.3 Shields


You had 3 spell levels left.
You didn't know any spells.

Dungeon Overview and Level Annotations

Branches:
Dungeon (4/27)
 Temple: D:4-7

Altars:
the Shining One


Innate Abilities, Weirdness & Mutations

You do not eat or drink.
Your flesh is vulnerable to fire.
Your flesh is cold resistant.
You are immune to negative energy.
Your system is resistant to poisons.
You are immune to unholy pain and torment.
You can survive without breathing.


Message History

The orc is severely wounded.
You block the goblin's attack.
The orc priest moves out of view.
The orc hits you.
An orc priest comes into view. It is wielding an orcish mace.
You hit the orc.
You kill the orc!
The orc hits you with an orcish war axe.
You block the goblin's attack.
An orc comes into view.
You hit the orc. You burn the orc.
The orc is heavily wounded.
You block the goblin's attack.
The orc drinks a potion.
The orc is healed!
The orc priest invokes the aid of Beogh against you.
Something smites you!
You closely miss the orc. You block the goblin's attack.
The orc hits you with an orcish war axe.
The orc priest mumbles some strange prayers to Beogh against you.
Something smites you!
You die...
Xom giggles madly!

########### ........<.#
################o.........#
#..>...........@o.o.o.....#
##.##############g.ยง.......#
#....# ........... #....#
.....####### #....# .....#
#....####### .....#
#..>........ .....
#....####### .... #....#
#..... .


You could see 2 orc priests, 2 orcs and a goblin.

Vanquished Creatures
  A worker ant (D:4)
  2 adders (D:2)
  3 giant geckos
  An orc (D:3)
  5 giant cockroaches
  2 goblins
  4 hobgoblins
  9 jackals
  3 quokkas
  8 bats
  4 giant newts
  10 kobolds
  An ooze (D:3)
  10 rats
63 creatures vanquished.

Vanquished Creatures (others)
  A rat zombie (D:1)
1 creature vanquished.

Grand Total: 64 creatures vanquished

Notes
Turn   | Place    | Note
--------------------------------------------------------------
     0 | D:1      | Lilouch, the Mummy Chaos Knight, began the quest for the Orb.
     0 | D:1      | Reached XP level 1. HP: 16/16 MP: 1/1
   132 | D:1      | Reached XP level 2. HP: 17/22 MP: 2/2
   203 | D:1      | XOM: harmless Hex miscast
   289 | D:1      | XOM: harmless Erth miscast
   367 | D:1      | XOM: silly message
   701 | D:1      | XOM: harmless Hex miscast
   870 | D:2      | XOM: harmless Tloc miscast
   899 | D:2      | Found a glowing golden altar of the Shining One.
   954 | D:2      | Reached XP level 3. HP: 28/28 MP: 3/3
  1461 | D:2      | XOM: noise
  1568 | D:2      | XOM: colour smoke trail
  1633 | D:2      | XOM: noise
  2042 | D:3      | Reached skill level 1 in Shields
  2079 | D:3      | Reached XP level 4. HP: 34/34 MP: 4/4
  2213 | D:3      | XOM: silly message
  2218 | D:3      | Killed from afar by an orc priest

Action                   |  1- 3 |  4- 6 || total
-------------------------+-------+-------++-------
Melee: Spear             |   229 |    60 ||   289
Evoke: Wand              |     1 |       ||     1
 Stab: Paralysed         |     2 |       ||     2
       Confused          |     1 |     1 ||     2
